 Dungeon Crawl Stone Soup version 0.27-a0-1555-g0e7b3fb1d2 (webtiles) character file.

Game seed: 12296208286907798604

565 lunkers the Grappler (level 7, 0/55 HPs)
             Began as a Ghoul Warper on July 14, 2021.
             Killed from afar by Blork the orc (6 damage)
             ... with a puff of flame
             ... on level 4 of the Dungeon.
             The game lasted 00:04:05 (3133 turns).

lunkers the Grappler (Ghoul Warper)                 Turns: 3133, Time: 00:04:05

Health: 0/55       AC:  6    Str: 17    XL:     7   Next: 32%
Magic:  8/8        EV: 10    Int:  8    God:
Gold:   225        SH:  0    Dex:  8    Spells: 9/9 levels left

rFire    . . .     SeeInvis .     - Unarmed
rCold    + . .     Faith    .   (no shield)
rNeg     + + +     Spirit   .   d - +0 ring mail
rPois    ∞         Reflect  .   (no helmet)
rElec    .         Harm     .   o - +0 cloak
rCorr    .         Rampage  .   (no gloves)
Will     .....                  (no boots)
Stlth    ..........             (no amulet)
HPRegen  0.00/turn              f - ring of wizardry
MPRegen  0.11/turn              (no ring)

@: no status effects
A: claws 1, cold resistance 1, negative energy resistance 3, inhibited
regeneration, torment resistance 2
a: no special abilities


You were on level 4 of the Dungeon.
You visited 1 branch of the dungeon, and saw 4 of its levels.

You collected 225 gold pieces.

Inventory:

Missiles
 a - 9 boomerangs
 c - 5 boomerangs of dispersal
 k - 43 stones (quivered)
Armour
 d - a +0 ring mail (worn)
 h - a +0 kite shield
 o - a +0 cloak (worn)
Jewellery
 f - a ring of wizardry (left claw)
Wands
 p - a wand of polymorph (11)
Scrolls
 b - a scroll of blinking
 i - 5 scrolls of teleportation {unknown}
 j - a scroll of immolation {unknown}
 m - a scroll of identify {unknown}
 r - a scroll of magic mapping {unknown}
Potions
 e - 5 potions of curing {unknown}
 g - 2 potions of berserk rage
 l - 2 potions of heal wounds {unknown}
 n - 2 potions of attraction {unknown}
 q - 2 potions of haste {unknown}


   Skills:
 - Level 2.1 Fighting
 - Level 0.8 Throwing
 - Level 0.8 Armour
 - Level 1.7 Dodging
 * Level 8.6 Unarmed Combat
 - Level 1.7 Spellcasting
 - Level 2.6 Translocations


You had 9 spell levels left.
You didn't know any spells.
Your spell library contained the following spells:

 Spells                   Type           Power      Damage    Failure   Level
 Blink                    Tloc           N/A        N/A       14%         2
 Gell's Gravitas          Tloc           2%         N/A       26%         3
 Lesser Beckoning         Tloc           2%         N/A       26%         3
 Teleport Other           Tloc           5%         N/A       26%         3
 Inner Flame              Hex/Fire       0%         N/A       58%         3
 Manifold Assault         Tloc           5%         N/A       91%         5
 Cause Fear               Hex            0%         N/A       92%         4
 Discord                  Hex            0%         N/A       100%        8


Dungeon Overview and Level Annotations

Branches:
Dungeon (4/15)
 Temple: D:4-7

Altars:

Annotations:
D:4 Blork the orc


Innate Abilities, Weirdness & Mutations

You thrive by killing the living.
You are immune to poison.
You have sharp fingernails.
Your flesh is cold resistant. (rC+)
You are immune to negative energy. (rN+++)
You do not regenerate when monsters are visible.
You are immune to unholy pain and torment.


Message History

Grinder is severely wounded.
Grinder hits you.
You scratch Grinder but do no damage.
Grinder is severely wounded.
Blork the orc begins to cast a cantrip, but forgets the words!
Grinder gestures at you.
You suddenly lose the ability to move!
Grinder hits you.
* * * LOW HITPOINT WARNING * * *
Blork the orc looks encouraged for a moment.
Grinder completely misses you.
You can move again.
Unknown command.
You scratch Grinder.
Grinder is severely wounded.
Grinder gestures at you.
You shrug off the repeated paralysis!
Unknown command.
You scratch Grinder.
Grinder is almost dead.
Blork the orc screams, "I'm much stronger than you!"
Grinder hits you!
* * * LOW HITPOINT WARNING * * *
You scratch Grinder but do no damage.
Grinder is almost dead.
Grinder hits you.
* * * LOW HITPOINT WARNING * * *
Unknown command.
You claw Grinder!
You kill Grinder!
Blork the orc hits you with a +0 long sword!
* * * LOW HITPOINT WARNING * * *
Your Unarmed Combat skill increases to level 8!
You have reached level 7!
You scratch Blork the orc.
Blork the orc is lightly wounded.
Blork the orc screams, "I'll decorate my home with your organs!"
Blork the orc gestures at you while chanting.
The puff of flame hits you.
You die...

######...# ...
##....)...######..
.......†.........#
#..#####.).....#
#...###...)....#
##...#.........##..#
##.8.#.8..........# .
#....#...#####.#####....
....###.........@o......
.#.#####.#####.#####....
.#.......###...# #
.#...........###
..##..##..####
#.##.####.# #
#......>..# ### ..
.....##.... ..####..#
####.##.#####........


You could see Blork the orc (fast).

Vanquished Creatures
  Grinder (D:4)
  An ogre (D:2)
  An orc priest (D:3)
  2 centaur skeletons (D:4)
  An orc wizard (D:3)
  4 adders
  4 gnolls
  An ufetubus (D:4)
  2 adder skeletons
  A worm (D:2)
  3 dart slugs
  7 orcs
  4 bats
  4 endoplasms
  5 giant cockroaches
  7 goblins
  5 hobgoblins
  A jackal (D:2)
  4 kobolds
  7 quokkas
  6 ball pythons
  3 frilled lizards
  3 rats
77 creatures vanquished.

Notes
Turn   | Place    | Note
-------+----------+-------------------------------------------
     0 | D:1      | lunkers the Ghoul Warper began the quest for the Orb.
     0 | D:1      | Reached XP level 1. HP: 17/17 MP: 2/2
   267 | D:1      | Found a faded altar of an unknown god.
   272 | D:1      | Reached skill level 3 in Unarmed Combat
   272 | D:1      | Reached XP level 2. HP: 22/24 MP: 3/3
   846 | D:2      | Reached XP level 3. HP: 22/29 MP: 4/4
  1172 | D:2      | Reached skill level 4 in Unarmed Combat
  1557 | D:2      | Reached XP level 4. HP: 36/36 MP: 5/5
  1557 | D:2      | Noticed an ogre
  1568 | D:2      | Killed an ogre
  1569 | D:2      | Reached skill level 5 in Unarmed Combat
  1569 | D:2      | Reached XP level 5. HP: 12/41 MP: 6/6
  1854 | D:2      | Reached skill level 6 in Unarmed Combat
  2110 | D:3      | Reached XP level 6. HP: 42/48 MP: 7/7
  2844 | D:3      | Reached skill level 7 in Unarmed Combat
  3119 | D:4      | Noticed Grinder
  3121 | D:4      | Noticed Blork the orc
  3126 | D:4      | Paralysed by Grinder for 2 turns
  3132 | D:4      | Killed Grinder
  3133 | D:4      | Reached skill level 8 in Unarmed Combat
  3133 | D:4      | Reached XP level 7. HP: 6/55 MP: 8/8
  3133 | D:4      | Killed from afar by Blork the orc

Illustrated notes

Levels and vault maps discovered:
D:1:      onia_arrival_mini_maze, layout_rooms,
          dreamdust_ecumenical_altar_statues, minmay_liquid_box
D:2:      minmay_chambers_of_twos, layout_rooms
D:3:      layout_basic
D:4:      layout_rooms, minmay_temple_entry_glassed_door, minivault_1,
          mrwooster_statue_mirror, uniq_blork_the_orc, uniq_grinder, uniq_pikel

Skill      XL: |  1  2  3  4  5  6 |
---------------+-------------------+-----
Unarmed Combat | 3 4 5 6 8 |  8.6
Fighting       | |  2.1
Throwing       | |  0.8
Armour         | |  0.8
Dodging        | |  1.7
Spellcasting   | |  1.7
Translocations | |  2.6

Action                   |  1- 3 |  4- 6 |  7- 9 || total
-------------------------+-------+-------+-------++-------
Melee: Unarmed           |   132 |   126 |     1 ||   259
       Punch             |     1 |     3 |       ||     4
Throw: Stone             |     4 |    66 |       ||    70
Armor: Leather armour    |     9 |       |       ||     9
       Ring mail         |    42 |    26 |       ||    68
Dodge: Dodged            |    79 |    64 |       ||   143

Table legend: (Time is in decaauts)
 A = Elapsed time spent in this place.
 B = Non-inter-level travel time spent in this place.
 C = Inter-level travel time spent in this place.
 D = Time resting spent in this place.
 E = Time spent auto-exploring this place.
 F = Levels seen in this place.
 G = Mean time per level.
                   A        B        C        D        E       F      G
               +--------+--------+--------+--------+--------+-----+--------+
         Total |   3113 |   3039 |     74 |     29 |   2452 |   4 |  778.2 |
       Dungeon |   3113 |   3039 |     74 |     29 |   2452 |   4 |  778.2 |
               +--------+--------+--------+--------+--------+-----+--------+

Top non-repeatable levels by time:
     D:2: 1131 daAuts
     D:3: 971 daAuts
     D:1: 736 daAuts
     D:4: 275 daAuts
